 Dungeon Crawl Stone Soup version 0.28.0-1-gb440e238dd (webtiles) character file.

Game seed: 5913283586984451516

1519 croobank the Firebug (level 8, 0/57 HPs)
             Began as a Demigod Fire Elementalist on Feb 19, 2022.
             Slain by a bullfrog (3 damage)
             ... on level 6 of the Dungeon.
             The game lasted 00:17:34 (5585 turns).

croobank the Firebug (Demigod Fire Elementalist)    Turns: 5585, Time: 00:17:35

Health: 0/57       AC:  6    Str:  9    XL:     8   Next: 29%
Magic:  2/17       EV: 17    Int: 25    God:
Gold:   391        SH:  0    Dex: 14    Spells: 8/15 levels left

rFire   . . .      SeeInvis .   a - +3 dagger (drain)
rCold   . . .      Faith    .   (no shield)
rNeg    + . .      Spirit   .   n - +0 robe {rN+}
rPois   .          Reflect  .   (no helmet)
rElec   .          Harm     .   (no cloak)
rCorr   .          Rampage  .   (no gloves)
Will    .....                   (no boots)
Stlth   +++.......              (no amulet)
HPRegen 0.19/turn               e - +4 ring of evasion
MPRegen 0.15/turn               o - +4 ring of protection

@: no status effects
A: high MP 1, forlorn, divine attributes
a: no special abilities


You were on level 6 of the Dungeon.
You visited 1 branch of the dungeon, and saw 6 of its levels.

You collected 391 gold pieces.

Inventory:

Hand Weapons
 a - a +3 dagger of draining (weapon)
 b - a +0 hand crossbow
 i - a +0 whip of venom
Missiles
 c - 57 arrows
 f - 40 bolts
 j - 141 stones
 l - 3 poisoned darts
Armour
 g - a +0 scale mail
 n - a +0 robe of positive energy (worn)
Magical Staves
 k - a staff of death
Jewellery
 e - a +4 ring of evasion (left hand)
 o - a +4 ring of protection (right hand)
 s - a +6 ring of dexterity
 u - a ring of magical power
Scrolls
 h - a scroll of fog {unknown}
 p - a scroll of teleportation {unknown}
 r - 3 scrolls of magic mapping
 t - a scroll of immolation {unknown}
 v - a scroll of brand weapon {unknown}
 z - a scroll of blinking {unknown}
Potions
 d - a potion of ambrosia
 m - 2 potions of flight
 q - 2 potions of cancellation
 w - a potion of curing
 x - a potion of might {unknown}


   Skills:
 + Level 4.6 Dodging
 + Level 5.0 Stealth
 + Level 4.3 Spellcasting
 + Level 4.3 Conjurations
 + Level 5.1 Fire Magic


You had 8 spell levels left.
You knew the following spells:

 Your Spells              Type           Power      Damage    Failure   Level
a - Foxfire               Conj/Fire      100%       2x1d9     1%          1
b - Scorch                Fire           62%        2d8       1%          2
c - Flame Wave            Conj/Fire      29%        2d8       12%         4

Your spell library contained the following spells:

 Spells                   Type           Power      Damage    Failure   Level
 Conjure Flame            Conj/Fire      29%        6-21      3%          3
 Inner Flame              Hex/Fire       18%        N/A       10%         3
 Ensorcelled Hibernation  Hex/Ice        10%        N/A       14%         2
 Passwall                 Tmut/Erth      4%         N/A       14%         2
 Summon Guardian Golem    Hex/Summ       5%         N/A       26%         3
 Swiftness                Air            5%         N/A       26%         3
 Orb of Destruction       Conj           13%        9d7       100%        7
 Spellforged Servitor     Conj/Summ      8%         N/A       100%        7


Dungeon Overview and Level Annotations

Branches:
Dungeon (6/15)
 Temple: D:4-7

Annotations:
D:6 Edmund


Innate Abilities, Weirdness & Mutations

You have an increased reservoir of magic. (+10% MP)
You shall have no god before yourself.
Your divine heritage dramatically boosts your attributes as you level up.


Message History

Edmund is no longer more vulnerable to fire.
Edmund closely misses you.
You hit Edmund but do no damage. You drain Edmund.
Edmund is moderately wounded.
Edmund hits you with a +6 flail of protection!
Casting: Foxfire (safe; 1% risk of failure)
Confirm with . or Enter, or press ? or * to list all spells.
You conjure some foxfire!
Edmund completely misses you.
You closely miss Edmund.
Edmund is moderately wounded.
The foxfire hits Edmund but does no damage.
Edmund is moderately wounded.
The foxfire hits Edmund but does no damage.
Edmund is moderately wounded.
Edmund closely misses you.
You hit Edmund. You drain Edmund.
Edmund is heavily wounded.
Edmund hits you with a +6 flail of protection.
You barely miss Edmund.
Edmund is heavily wounded.
Edmund hits you with a +6 flail of protection.
* * * LOW HITPOINT WARNING * * *
You barely miss Edmund.
Edmund is heavily wounded.
Edmund hits you with a +6 flail of protection.
* * * LOW HITPOINT WARNING * * *
Okay, then.
Found a stone staircase leading down.
A bullfrog and a white imp come into view.
Found a ring mail.
The white imp shouts, "Get thee gone, thou fulsome limp-willed pustule!"
The bullfrog croaks.
The white imp gestures at you. The puff of frost hits you.
* * * LOW HITPOINT WARNING * * *
There is a stone staircase leading down here.
Edmund hits you with a +6 flail of protection!
* * * LOW HITPOINT WARNING * * *
The bullfrog hits you.
You die...

.... #..........#
....###>#.......##... ..
.....#.......$(..#.. ...
...........(....... ..#
.. #...#..........##.[##
...#...#......#.........
.<.....##..##.##........
.# #.......##...........
.#####.....#...@@F....#
.#......................
..##''##................
.##≈..≈##...............
##≈≈..≈≈##..........5...
#≈≈##.#≈≈#............##
+.. .#...+..##.......##
+.. # #..+.########..#
#) ≈###


You could see Edmund (drained), a bullfrog and a white imp.

Vanquished Creatures
  Eustachio (D:5)
  Duvessa (D:5)
  A black bear (D:4)
  A necrophage (D:5)
  3 ogres (D:5)
  A centaur (D:5)
  5 scorpions
  Dowan (D:5)
  A centaur zombie (D:6)
  An orc priest (D:3)
  A hound (D:4)
  2 jellies
  3 orc wizards
  2 howler monkey zombies (D:5)
  A gnoll (D:1)
  7 adders
  A shadow imp (D:6)
  A white imp (D:6)
  An adder skeleton (D:5)
  2 dart slugs (D:2)
  11 orcs
  6 bats
  8 endoplasms
  6 giant cockroaches
  14 goblins
  5 hobgoblins
  3 jackals (D:2)
  4 quokkas
  7 ball pythons
  A frilled lizard (D:1)
  7 kobolds
  2 rats
111 creatures vanquished.

Vanquished Creatures (collateral kills)
  A foxfire (D:6)
1 creature vanquished.

Vanquished Creatures (others)
  163 foxfires
163 creatures vanquished.

Grand Total: 275 creatures vanquished

Notes
Turn   | Place    | Note
-------+----------+-------------------------------------------
     0 | D:1      | croobank the Demigod Fire Elementalist began the quest for
                  | the Orb.
     0 | D:1      | Reached XP level 1. HP: 14/14 MP: 5/5
   133 | D:1      | Reached skill level 1 in Conjurations
   271 | D:1      | Reached XP level 2. HP: 20/20 MP: 4/7
   652 | D:1      | Learned a level 2 spell: Scorch
  1169 | D:2      | Reached XP level 3. HP: 26/26 MP: 6/8
  2061 | D:2      | Reached XP level 4. HP: 33/33 MP: 7/10
  2363 | D:2      | Reached XP level 5. HP: 37/38 MP: 3/11
  3825 | D:4      | Noticed a black bear
  3828 | D:4      | Killed a black bear
  3829 | D:4      | Reached XP level 6. HP: 45/45 MP: 6/13
  3837 | D:4      | Learned a level 4 spell: Flame Wave
  4138 | D:5      | Entered Level 5 of the Dungeon
  4280 | D:5      | Noticed Duvessa
  4281 | D:5      | Noticed Dowan
  4285 | D:5      | Killed Duvessa
  4286 | D:5      | Reached XP level 7. HP: 44/50 MP: 0/15
  4511 | D:5      | Killed Dowan
  4874 | D:5      | Noticed Eustachio
  4888 | D:5      | Killed Eustachio
  4897 | D:5      | Reached XP level 8. HP: 44/57 MP: 1/17
  5177 | D:5      | Reached skill level 5 in Fire Magic
  5552 | D:6      | Noticed Edmund
  5560 | D:6      | Reached skill level 5 in Stealth
  5585 | D:6      | Slain by a bullfrog

Illustrated notes

Levels and vault maps discovered:
D:1:      minmay_arrival_cross, layout_loops_ring, ebering_ecumenical_altar_mist
D:2:      layout_basic, basic_altar, minmay_fractal_squares_gapless_5
D:3:      layout_rooms, minmay_crystal_water, grunt_ministairs_3
D:4:      layout_basic, grunt_decor_fettered
D:5:      layout_loops_cross, uniq_duvessa, uniq_eustachio
D:6:      layout_cave_pools, minmay_temple_entry_glassed_door,
          kennysheep_generic_room_3, uniq_edmund, uniq_sigmund, uniq_menkaure

Skill      XL: |  1  2  3  4  5  6  7  8 |
---------------+-------------------------+-----
Conjurations   | 1 2 3 4 |  4.3
Dodging        | 2 3 4 |  4.6
Stealth        | 2 3 4 5 |  5.0
Spellcasting   | 2 3 4 |  4.3
Fire Magic     | 3 4 5 |  5.1

Action                   |  1- 3 |  4- 6 |  7- 9 || total
-------------------------+-------+-------+-------++-------
Melee: Dagger            |    18 |    28 |    36 ||    82
       Punch             |       |       |     1 ||     1
 Fire: Hand crossbow     |    21 |     7 |       ||    28
 Cast: Foxfire           |    41 |    35 |    22 ||    98
       Scorch            |     6 |    44 |    38 ||    88
  Use: Scroll            |     2 |     2 |     3 ||     7
       Potion            |       |     1 |       ||     1
 Stab: Sleeping          |     2 |       |       ||     2
Armor: Robe              |     6 |     9 |    18 ||    33
Dodge: Dodged            |    14 |    46 |    64 ||   124
